 Dungeon Crawl Stone Soup version 0.27-a0-909-g0721f309d1 (webtiles) character file.

Game seed: 14922319041831302753

2010 siradein the Thaumaturge (level 9, 0/55 HPs)
             Began as a Djinni Conjurer on Apr 8, 2021.
             Slain by a killer bee (4 damage)
             ... on level 6 of the Dungeon.
             The game lasted 00:18:57 (7313 turns).

siradein the Thaumaturge (Djinni Conjurer)          Turns: 7313, Time: 00:18:58

Health: 0/55       AC:  4    Str:  6    XL:     9   Next: 22%
Gold:   430        EV: 12    Int: 24    God:
                   SH:  0    Dex: 11

rFire    + + .     SeeInvis .   s - +2 flail (vorpal)
rCold    x . .     Faith    .   (no shield)
rNeg     . . .     Spirit   .   a - +0 robe
rPois    ∞         Reflect  .   l - +1 helmet
rElec    .         Harm     .   (no cloak)
rCorr    .         Rampage  .   (no gloves)
Will     .....                  (boots unavailable)
Stlth    ++........             (no amulet)
HPRegen  0.18/turn              (no ring)
MPRegen  0.00/turn              (no ring)

@: flying
A: fire resistance 2, cold vulnerability 1, float, innate caster, hp casting,
extra vitality 1
a: no special abilities


You were on level 6 of the Dungeon.
You visited 2 branches of the dungeon, and saw 7 of its levels.
You also visited: Sewer.

You collected 430 gold pieces.

Inventory:

Hand Weapons
 s - a +2 vorpal flail (weapon)
Armour
 a - a +0 robe (worn)
 l - a +1 helmet (worn)
Scrolls
 b - a scroll of enchant armour {unknown}
 c - 3 scrolls of identify
 e - a scroll of acquirement {unknown}
 f - a scroll of blinking {unknown}
 h - 2 scrolls of noise {unknown}
 i - 3 scrolls of magic mapping {unknown}
 k - a scroll of enchant weapon {unknown}
 m - 2 scrolls of immolation {unknown}
 o - 2 scrolls of teleportation
Potions
 d - a potion of resistance
 g - 2 potions of lignification
 j - 2 potions of attraction
 p - 2 potions of heal wounds
 q - 2 potions of curing
 r - a potion of might


   Skills:
 - Level 2.1 Dodging
 - Level 1.5 Stealth
 + Level 10.5 Spellcasting


You had 6 spell levels left.
You knew the following spells:

 Your Spells              Type           Power      Damage    Failure   Level
a - Magic Dart            Conj           100%       1d8       1%          1
b - Searing Ray           Conj           100%       3d7       1%          2
c - Dazzling Flash        Conj/Hex       100%       N/A       1%          3
d - Fulminant Prism       Conj/Hex       29%        3d14      1%          4
e - Iskenderun's Mystic   Conj/Tloc      59%        2d12      1%          4
f - Animate Skeleton      Necr           100%       N/A       1%          1
g - Passwall              Tmut/Erth      49%        N/A       1%          2
h - Ignite Poison         Fire/Tmut/Pois 59%        N/A       1%          3
i - Ozocubu's Armour      Ice            59%        N/A       1%          3
Your spell library was empty.

Dungeon Overview and Level Annotations

Branches:
Dungeon (6/15)             Temple (1/1) D:4           Sewer (visited)

Altars:
Ashenzari
Cheibriados
Dithmenos
Fedhas
Gozag
Kikubaaqudgha
Nemelex Xobeh
Qazlal
Ru
Sif Muna
Trog
Uskayaw
Vehumet
Wu Jian
Zin
The Shining One

Shops:
D:3 (


Innate Abilities, Weirdness & Mutations

You are immune to poison.
Your flesh is very heat resistant. (rF++)
You are vulnerable to cold. (rC-)
You float through the air rather than walking.
You learn spells naturally, not from books.
Your magical power is your life essence.
You have superior vitality. (+4 HP)


Message History

(Press . to maintain the ray.)
A killer bee comes into view.
The searing ray hits the killer bee!
You kill the killer bee!
The killer bee buzzes angrily.
You hear an angry buzzing noise.
A killer bee comes into view.
Casting: Searing Ray (safe; 1% risk of failure)
Confirm with . or Enter, or press ? or * to list all spells.
You can't see any susceptible monsters within range! (Use Z to cast anyway.) Unknown command.
Press < or > to pray at altars.
A killer bee comes into view.
Casting: Searing Ray (safe; 1% risk of failure)
Confirm with . or Enter, or press ? or * to list all spells.
Aiming: Searing Ray (safe; 1% risk of failure)
Press: ? - help, Shift-Dir - straight line, f - killer bee
Aim: a killer bee (35% to evade)
The searing ray hits the killer bee!
The killer bee is heavily wounded. (Press . to maintain the ray.)
The killer bee buzzes angrily.
The searing ray misses the killer bee.
The killer bee stings you but does no damage.
The killer bee stings you! The killer bee stings you.
The searing ray hits the killer bee!
You kill the killer bee!
The searing ray misses the killer bee.
The killer bee stings you but does no damage.
The killer bee stings you! The killer bee closely misses you.
Unknown command.
Press < or > to pray at altars.
The killer bee completely misses you. The killer bee stings you!
The killer bee barely misses you. The killer bee stings you.
* * * LOW HITPOINT WARNING * * *
The killer bee stings you.
* * * LOW HITPOINT WARNING * * *
The killer bee misses you. The killer bee stings you.
* * * LOW HITPOINT WARNING * * *
The killer bee stings you.
You die...

#### ## ##..##
####.###....#
............#
.....≈≈.≈≈..#
.....≈§§≈≈y.##
##..≈≈☼≈§y@.#
#..≈°≈≈§..######
)....≈≈≈≈≈..#.##.#
..#.......).†.#..##
......#..##.......####
..#.#......#...##..##.#
..#####...........(.<.###
.#.
.#####.................#
.#.
.....................###


You could see 2 killer bees.

Vanquished Creatures
  Pikel (D:4)
  The ghost of srzhan31 the Magician, a novice DjCj of Makhleb (D:5)
  Edmund (D:6)
  Menkaure (D:5)
  2 necrophages
  2 phantoms (D:6)
  A scorpion (D:4)
  A water moccasin skeleton (D:5)
  3 killer bees (D:6)
  A bullfrog zombie (D:5)
  2 hounds (D:5)
  A bullfrog skeleton (D:5)
  An orc priest (D:3)
  An iguana (D:6)
  An orc wizard (D:6)
  2 merfolk sirens (Sewer)
  A merfolk avatar (Sewer)
  A hound zombie (D:5)
  3 hound skeletons (D:4)
  6 gnolls
  A howler monkey skeleton (D:2)
  6 adders
  An adder skeleton (D:4)
  An adder zombie (D:5)
  A worm (D:5)
  A dart slug (D:1)
  9 orcs
  11 ball pythons
  9 bats
  8 endoplasms
  6 giant cockroaches
  6 goblins
  7 hobgoblins
  2 jackals (D:2)
  6 kobolds
  4 quokkas
  11 frilled lizards
  29 rats
152 creatures vanquished.

Vanquished Creatures (others)
  19 fulminant prisms
19 creatures vanquished.

Grand Total: 171 creatures vanquished

Notes
Turn   | Place    | Note
-------+----------+-------------------------------------------
     0 | D:1      | siradein the Djinni Conjurer began the quest for the Orb.
     0 | D:1      | Reached XP level 1. HP: 15/15 MP: 0/0
   172 | D:1      | Reached XP level 2. HP: 12/21 MP: 0/0
   175 | D:1      | Reached skill level 4 in Spellcasting
   808 | D:1      | Reached XP level 3. HP: 14/25 MP: 0/0
   808 | D:1      | Learned a level 1 spell: Animate Skeleton
   997 | D:1      | Found a faded altar of an unknown god.
  1815 | D:2      | Reached XP level 4. HP: 29/31 MP: 0/0
  2124 | D:2      | Reached skill level 5 in Spellcasting
  2965 | D:3      | Reached XP level 5. HP: 30/35 MP: 0/0
  2965 | D:3      | Learned a level 2 spell: Passwall
  3218 | D:3      | Found Ziunuje's Weapon Emporium.
  3552 | D:4      | Noticed Pikel
  3552 | D:4      | Noticed a lemure
  3552 | D:4      | Noticed a lemure
  3564 | D:4      | Noticed a lemure
  3565 | D:4      | Killed Pikel
  3566 | D:4      | Reached skill level 7 in Spellcasting
  3566 | D:4      | Reached XP level 6. HP: 27/40 MP: 0/0
  3566 | D:4      | Reached XP level 7. HP: 30/45 MP: 0/0
  3566 | D:4      | Learned a level 3 spell: Ignite Poison
  3639 | D:4      | Found a glowing drain.
  3643 | Sewer    | Entered a sewer
  4741 | D:4      | Found a staircase to the Ecumenical Temple.
  4753 | Temple   | Entered the Ecumenical Temple
  5020 | D:4      | Reached skill level 8 in Spellcasting
  5656 | D:4      | Reached XP level 8. HP: 46/50 MP: 0/0
  5704 | D:5      | Entered Level 5 of the Dungeon
  5834 | D:5      | Noticed Menkaure
  5842 | D:5      | Killed Menkaure
  6111 | D:5      | Found a runed translucent gate.
  6111 | D:5      | Found a runed translucent gate.
  6111 | D:5      | Found a runed translucent gate.
  6112 | D:5      | Noticed srzhan31's ghost (novice DjCj)
  6527 | D:5      | Reached skill level 9 in Spellcasting
  6527 | D:5      | Killed srzhan31's ghost
  6732 | D:6      | Noticed Edmund
  6768 | D:6      | Killed Edmund
  6769 | D:6      | Reached skill level 10 in Spellcasting
  6769 | D:6      | Reached XP level 9. HP: 16/55 MP: 0/0
  6769 | D:6      | Learned a level 3 spell: Ozocubu's Armour
  7313 | D:6      | Slain by a killer bee

Illustrated notes

Levels and vault maps discovered:
D:1:      sevenhm_arrival_forest_fort_small_3, layout_rooms,
          basic_ecumenical_altar, minivault_14
D:2:      layout_basic, minmay_misc_feat_chi
D:3:      layout_loops_ring, serial_shops, shop
D:4:      layout_basic, minmay_temple_entry_purple_smoke, gup_sewer_entry_bowl,
          uniq_pikel
D:5:      layout_rooms, gammafunk_ghost_necromancy, uniq_menkaure
D:6:      layout_cave_pools, nicolae_sif_muna_condensation,
          chequers_temple_overflow_minitemple, uniq_edmund
Temple:   regret_index_temple_waves

Skill      XL: |  1  2  3  4  5  6  7  8 |
---------------+-------------------------+-----
Spellcasting   | 4 5 7 8 10 | 10.5
Dodging        | |  2.1
Stealth        | |  1.5

Action                   |  1- 3 |  4- 6 |  7- 9 || total
-------------------------+-------+-------+-------++-------
 Cast: Magic Dart        |    78 |    52 |    91 ||   221
       Searing Ray       |     3 |     4 |    18 ||    25
       Animate Skeleton  |       |     1 |       ||     1
       Fulminant Prism   |       |       |    19 ||    19
  Use: Scroll            |       |       |     6 ||     6
Armor: Robe              |     5 |     1 |     8 ||    14
Dodge: Dodged            |     6 |     3 |    20 ||    29

Table legend: (Time is in decaauts)
 A = Elapsed time spent in this place.
 B = Non-inter-level travel time spent in this place.
 C = Inter-level travel time spent in this place.
 D = Time resting spent in this place.
 E = Time spent auto-exploring this place.
 F = Levels seen in this place.
 G = Mean time per level.
                   A        B        C        D        E       F      G
               +--------+--------+--------+--------+--------+-----+--------+
         Total |   7310 |   7139 |    171 |    219 |   6057 |   8 |  913.8 |
       Dungeon |   6019 |   5858 |    161 |    119 |   5149 |   6 | 1003.2 |
        Temple |    260 |    250 |     10 |      0 |    112 |   1 |  260.0 |
         Sewer |   1029 |   1029 |      0 |    100 |    796 |   1 | 1029.0 |
               +--------+--------+--------+--------+--------+-----+--------+

Top non-repeatable levels by time:
     D:2: 1544 daAuts
     D:1: 1161 daAuts
   Sewer: 1029 daAuts
     D:5: 960 daAuts
     D:4: 878 daAuts
     D:3: 828 daAuts
     D:6: 646 daAuts
  Temple: 260 daAuts
